 Dungeon Crawl Stone Soup version 0.21.1-1-g345015fe64 (webtiles) character file.

361702 Peloso the Hoplite (level 21, -17/204 HPs)
             Began as a Minotaur Fighter on July 5, 2018.
             Was the Champion of Okawaru.
             Killed from afar by a shadow dragon (38 damage)
             ... with a bolt of negative energy
             ... on level 5 of the Vaults.
             The game lasted 02:45:32 (51530 turns).

Peloso the Hoplite (Minotaur Fighter)              Turns: 51530, Time: 02:45:33

Health: -17/204    AC: 35    Str: 32    XL:     21   Next: 81%
Magic:  21/21      EV: 12    Int:  5    God:    Okawaru [******]
Gold:   2075       SH: 20    Dex: 16    Spells: 20/20 levels left

rFire    + + +     SeeInvis +   i - +12 double sword of the Jester {freeze, Str+2}
rCold    + . .     Gourm    .   Q - +0 shield of the Endless Expanse {+Inv rF++ rC+ SInv}
rNeg     . . .     Faith    .   m - +9 plate armour of Watchfulness {rF+ Slay+3}
rPois    +         Spirit   .   k - +0 mask of the Dragon {MR+ Slay+3 SInv}
rElec    +         Reflect  +   o - +0 cloak of Circular Logic {rElec rCorr}
rCorr    +         Harm     .   D - +2 pair of gloves {Dex+3}
MR       ++...                  P - +2 pair of boots {run}
Stlth    ..........             U - amulet of Nairat {Reflect rF+ SH+2}
HPRegen  0.44/turn              V - ring of poison resistance
MPRegen  0.17/turn              J - +2 ring of strength

@: heavily drained, quick
A: retaliatory headbutt, beak, horns 2, talons 1
}: 1/15 runes: gossamer
a: Heroism, Finesse, Renounce Religion, Evoke Invisibility


You were on level 5 of the Vaults.
You worshipped Okawaru.
Okawaru was exalted by your worship.
You were not hungry.

You visited 7 branches of the dungeon, and saw 36 of its levels.
You visited the Abyss 2 times.
You also visited: Labyrinth, Ossuary and Ice Cave.

You collected 4404 gold pieces.
You spent 2329 gold pieces at shops.

Inventory:

Hand Weapons
 h - a +2 long sword of flaming
 i - the +12 double sword of the Jester (weapon) {freeze, Str+2}
   (You acquired it on level 12 of the Dungeon)

   It has been specially enchanted to freeze those struck by it, causing extra
   injury to most foes and up to half again as much damage against particularly
   susceptible opponents.
   It can also slow down cold-blooded creatures.
   It affects your strength (+2).
Armour
 c - the +2 plate armour of the Snake Pit {rPois rN++ Str+4 Int-4}
   (You bought it in a shop on level 4 of the Vaults)

   It affects your strength (+4).
   It affects your intelligence (-4).
   It protects you from poison.
   It greatly protects you from negative energy.
 k - the +0 mask of the Dragon (worn) {MR+ Slay+3 SInv}
   (You found it on level 1 of the Spider Nest)

   It affects your accuracy and damage with ranged weapons and melee attacks
   (+3).
   It affects your resistance to hostile enchantments.
   It lets you see invisible.
 m - the +9 plate armour of Watchfulness (worn) {rF+ Slay+3}
   (You found it on level 5 of the Lair of Beasts)

   It affects your accuracy and damage with ranged weapons and melee attacks
   (+3).
   It protects you from fire.
 o - the +0 cloak of Circular Logic (worn) {rElec rCorr}
   (Okawaru gifted it to you on level 2 of the Orcish Mines)

   It insulates you from electricity.
   It protects you from acid and corrosion.
 D - a +2 pair of gloves of dexterity (worn)
 F - a +1 shield of resistance
 P - a +2 pair of boots of running (worn)
 Q - the +0 shield of the Endless Expanse (worn) {+Inv rF++ rC+ SInv}
   (Okawaru gifted it to you on level 2 of the Elven Halls)

   It greatly protects you from fire.
   It protects you from cold.
   It lets you see invisible.
   It lets you turn invisible.
Jewellery
 g - an uncursed amulet of harm {unknown}
 J - a +2 ring of strength (right hand)
 N - an uncursed ring of flight
 U - the amulet of Nairat (around neck) {Reflect rF+ SH+2}
   (You found it on level 3 of the Lair of Beasts)

   [amulet of reflection]

   It shields you and reflects attacks.
   It protects you from fire.
   It affects your SH (+2).
 V - a ring of poison resistance (left hand)
Wands
 a - a wand of flame (20)
 b - a wand of polymorph (9)
Scrolls
 j - 10 scrolls of fear
 n - 17 scrolls of teleportation
 p - 4 scrolls of blinking
 s - 4 scrolls of identify
 w - 3 scrolls of magic mapping
 y - 18 scrolls of remove curse
Potions
 d - 2 potions of heal wounds
 e - 5 potions of flight
 q - 5 potions of agility
 t - 3 potions of haste
 u - 18 potions of curing
 z - 3 potions of resistance
 G - a potion of invisibility
 X - 4 potions of might
Comestibles
 f - 42 rations


   Skills:
 + Level 21.1(18.7) Fighting
 + Level 22.5(20.1) Long Blades
 + Level 18.9(16.6) Armour
 + Level 7.8(6.1) Dodging
 + Level 2.9(1.4) Stealth
 + Level 24.6(22.1) Shields
 + Level 2.6(1.1) Invocations
 + Level 1.5(0.0) Evocations


You had 20 spell levels left.
You didn't know any spells.

Dungeon Overview and Level Annotations

Branches:
Dungeon (15/15)            Temple (1/1) D:4            Lair (6/6) D:10
 Shoals (0/4) Lair:4       Spider (4/4) Lair:2        Slime (0/5) Lair:6
    Orc (2/2) D:11            Elf (3/3) Orc:2        Vaults (5/5) D:13
  Crypt (0/3) Vaults:3     Depths (0/5) D:15

Altars:
Ashenzari
Cheibriados
Dithmenos
Elyvilon
Fedhas
Gozag
Hepliaklqana
Kikubaaqudgha
Makhleb
Nemelex Xobeh
Okawaru
Qazlal
Ru
Sif Muna
Trog
Uskayaw
Vehumet
Wu Jian
Xom
Yredelemnul
Zin
The Shining One
Beogh

Shops:
D:6 [   D:10 *   Orc:1 *   Orc:2 :}*[(   Elf:2 !   Elf:3 *=[   Vaults:3 ?
Vaults:4 [


Innate Abilities, Weirdness & Mutations

You reflexively headbutt those who attack you in melee.
You have a pair of horns on your head.
You have a beak for a mouth.
You have sharp toenails.


Message History

You block the small abomination's attack.
You hit the shadow dragon.
You peck the shadow dragon, but do no damage.
The shadow dragon is severely wounded.
The tengu reaver seems less brilliant.
The shadow dragon bites you but does no damage.
You block the shadow dragon's attack. x2
The vault warden activates a sealing rune.
A yaktaur comes into view.
You slash the shadow dragon!
You peck the shadow dragon, but do no damage.
The shadow dragon is severely wounded.
The shadow dragon breathes negative energy at you.
The bolt of negative energy hits you!
You feel drained.
* * * LOW HITPOINT WARNING * * *
The bolt of negative energy hits the small abomination.
The small abomination completely resists.
The shadow dragon breathes negative energy at you.
The bolt of negative energy hits you!
You feel drained.
You die...

....# #....# #....#
## ##....#.....
##x#.#....#....#
#.#@##.ยง.e#..*#
#D#D#.c..#(.#
#.#.Qpc..(.Q#
#####Qcc.).[.#####
.....*[.<<........
.(...e.<[)<.......
..c.....)<<(.......
.......((c[........
######(.......#####


You could see 2 shadow dragons, a vault warden, 2 tengu reavers, a deep elf
annihilator, 4 yaktaurs, a small abomination and a battlesphere.

Vanquished Creatures
  Sojobo (Vaults:4)
  Frederick (Vaults:4)
  A golden dragon (Vaults:5)
  The ghost of Goboxel the Executioner, an adept HOFi of the Shining One (Vaults:4)
  A profane servitor (Abyss:3)
  Arachne (Spider:3)
  Rupert (D:15)
  2 titans
  A lich (Vaults:1)
  2 deep elf blademasters
  2 deep elf master archers (Elf:3)
  Gastronok (D:10)
  2 sphinxes (Vaults:5)
  Agnes (Spider:1)
  2 shadow dragons (Vaults:4)
  5 tengu reavers
  The ghost of Gargoyl the Corrupter of Planes, an adept CeAK of Lugonu (D:15)
  A storm dragon (Vaults:4)
  Donald (Orc:1)
  11 deep elf sorcerers
  A frost giant (Vaults:4)
  2 fire giants
  3 ghost moths
  A cacodemon (Abyss:3)
  An iron dragon (Vaults:4)
  15 vault wardens
  2 orc warlords
  5 emperor scorpions
  2 draconian scorchers (Abyss:3)
  13 ironheart preservers
  5 stone giants
  A war gargoyle (Vaults:3)
  2 entropy weavers (Spider:4)
  A dire elephant (D:15)
  8 deep elf annihilators
  Nessos (Orc:2)
  8 deep elf demonologists
  3 spark wasps (Spider:4)
  The ghost of raetorn the Covert, a journeyman VSBe of Trog (D:13)
  5 ettins
  Azrael (Orc:2)
  A minotaur (Lab)
  9 deep elf death magi
  Josephine (Lair:5)
  A fire dragon (Lair:6)
  4 great orbs of eyes
  4 deep elf high priests
  5 yaktaur captains
  The ghost of Linguinho the Spear-Bearer, a journeyman MiBe of Trog (Orc:1)
  16 hydras
  2 rakshasas
  34 vault guards
  2 ice dragons
  14 centaur warriors
  2 catoblepae (Lair:6)
  10 ogre magi
  2 death knights (Vaults:3)
  8 death scarabs (Spider:4)
  39 two-headed ogres
  26 dancing weapons
  A deep troll shaman (Vaults:2)
  3 death yaks (Lair:6)
  3 orc high priests (Orc:2)
  A deep troll earth mage (Vaults:2)
  16 deep elf knights
  A wretched star (Abyss:3)
  2 shadow wraiths
  A storm dragon skeleton (Abyss:2)
  3 skeletal warriors (Vaults:1)
  3 deep trolls
  6 unseen horrors
  A swamp dragon (Lair:6)
  12 deep elf archers
  A lindwurm (Lair:6)
  14 orb spiders
  12 orc knights
  11 ironbrand convokers
  6 wizards
  58 deep elf magi
  2 necromancers
  2 phantasmal warriors (Vaults:4)
  A wolf spider zombie (Spider:4)
  3 spectral wolf spiders (Spider:4)
  10 cyclopes
  31 ugly things
  The ghost of Evaline the Covert, a novice SpAs of Ashenzari (D:6)
  8 orc sorcerers
  20 wolf spiders
  4 manticores
  4 draconians (Abyss:3)
  12 elephants
  4 moths of wrath
  A merfolk siren (Lair:4)
  A salamander (D:15)
  A water nymph (shapeshifter) (Vaults:4)
  A guardian serpent (Elf:2)
  A smoke demon (Abyss:3)
  2 gargoyles
  Psyche (D:10)
  8 vault sentinels
  2 torpor snails
  3 black mambas (Lair:5)
  8 spiny frogs
  An ice statue (IceCv)
  8 spectral redbacks (Spider:4)
  4 rime drakes (Lair:6)
  14 freezing wraiths
  A redback zombie (Spider:4)
  11 demonic crawlers
  10 komodo dragons
  An entropy weaver simulacrum (Vaults:2)
  A tengu conjurer (Vaults:1)
  28 yaktaurs
  A tormentor (Abyss:3)
  37 jumping spiders
  8 hornets
  10 trolls
  A merfolk (D:9)
  An ancient zyme (Abyss:3)
  3 polar bears (Lair:4)
  A merfolk (shapeshifter) (Vaults:4)
  2 spectral jumping spiders (Spider:4)
  8 dream sheep
  A tyrant leech (shapeshifter) (D:15)
  3 spectral tarantellas (Spider:4)
  17 slime creatures
  10 blink frogs
  A raiju (shapeshifter) (Vaults:4)
  A jumping spider zombie (Spider:4)
  A tarantella zombie (Spider:4)
  11 hippogriffs
  2 air elementals
  A meliai zombie (D:12)
  A flying skull (Abyss:3)
  17 tarantellas
  2 spriggans (shapeshifter)
  5 shadows
  45 redbacks
  A tarantella (shapeshifter) (D:14)
  4 wyverns
  9 fire elementals
  7 wraiths
  6 basilisks
  A water elemental (Elf:2)
  32 yaks
  2 chaos spawn (Abyss:3)
  2 death yak simulacra (IceCv)
  2 hungry ghosts
  3 vampire mosquitoes (D:15)
  2 soldier ants
  2 wargs
  A large abomination (Abyss:3)
  2 acid dragons (Lair:6)
  A hell hound (Orc:2)
  9 water moccasins
  5 porcupines
  2 swamp drakes (Lair:6)
  A floating eye (shapeshifter) (Vaults:2)
  3 sky beasts
  37 orc warriors
  A black bear (D:8)
  12 ice beasts
  A phantom (D:4)
  Purgy (D:3)
  3 eyes of draining
  14 wolves
  The ghost of Evaline the Charmwright, an amateur BaSk (D:3)
  A necrophage (D:11)
  40 centaurs
  An elf skeleton (Vaults:2)
  36 ogres
  12 crocodiles
  7 earth elementals
  21 bullfrogs
  7 scorpions
  3 killer bees (D:9)
  An elephant simulacrum (IceCv)
  An orc simulacrum (Vaults:2)
  9 wights
  7 howler monkeys
  3 electric eels
  A bullfrog zombie (D:12)
  7 crimson imps
  3 centaur zombies
  4 draconian simulacra (IceCv)
  A quasit (D:8)
  21 orc priests
  Crazy Yiuf (D:2)
  7 jellies
  3 bullfrog skeletons
  7 hounds
  2 human zombies (Ossuary)
  36 orc wizards
  6 centaur skeletons
  11 iguanas
  4 hell rats (Lair:6)
  2 troll simulacra (IceCv)
  16 worker ants
  5 spriggan simulacra (IceCv)
  A wolf simulacrum (IceCv)
  7 centaur simulacra
  A hound zombie (D:5)
  4 mummies (Ossuary)
  Robin (D:4)
  2 howler monkey zombies (D:6)
  3 worker ant zombies
  12 adders
  A gnoll (D:9)
  A river rat (D:4)
  3 naga simulacra (IceCv)
  3 shadow imps
  12 white imps (IceCv)
  An ooze (D:5)
  2 adder zombies (Ossuary)
  2 adder skeletons
  4 worms
  A dart slug (D:1)
  6 leopard geckos
  116 orcs
  5 giant cockroaches
  2 gnoll zombies (Ossuary)
  10 goblins
  16 hobgoblins
  2 jackals (D:7)
  6 quokkas
  2 ball pythons (D:4)
  9 bats
  4 frilled lizards
  A goblin zombie (Ossuary)
  A hobgoblin zombie (Ossuary)
  2 jackal zombies (Ossuary)
  12 kobolds
  A kobold zombie (Ossuary)
  A leopard gecko zombie (D:7)
  A quokka skeleton (D:10)
  A quokka zombie (D:8)
  16 rats
  A rat zombie (Ossuary)
  4 fungi (Elf:1)
  5 plants
1594 creatures vanquished.

Vanquished Creatures (others)
  A hydra (Lair:6)
  A yaktaur captain (Vaults:5)
  A deep elf archer (Elf:2)
  A deep elf mage (Elf:2)
  2 cyclopes (Vaults:2)
  3 yaktaurs
  A yak (Lair:6)
  A water elemental (Elf:2)
  2 orc warriors
  An orc (Orc:2)
  2 bushes (D:15)
  10 fungi
  3 lurking horrors (Abyss:3)
29 creatures vanquished.

Grand Total: 1623 creatures vanquished

Notes
Turn   | Place    | Note
-------+----------+-------------------------------------------
     0 | D:1      | Peloso the Minotaur Fighter began the quest for the Orb.
     0 | D:1      | Reached XP level 1. HP: 19/19 MP: 0/0
   157 | D:1      | Reached XP level 2. HP: 27/27 MP: 1/1
   493 | D:1      | Reached skill level 4 in Shields
   521 | D:1      | Reached XP level 3. HP: 33/33 MP: 2/2
   770 | D:1      | Found a snail-covered altar of Cheibriados.
   821 | D:2      | Found an ancient bone altar of Kikubaaqudgha.
   966 | D:2      | Found a blossoming altar of Fedhas.
  1019 | D:2      | Found a faded altar of an unknown god.
  1090 | D:2      | Found a runed door.
  1469 | D:2      | Reached XP level 4. HP: 31/40 MP: 3/3
  1715 | D:2      | Noticed Crazy Yiuf
  1723 | D:2      | Killed Crazy Yiuf
  1723 | D:2      | Reached skill level 1 in Dodging
  1930 | D:3      | Noticed Evaline's ghost (amateur BaSk)
  1945 | D:3      | Killed Evaline's ghost
  1945 | D:3      | Reached XP level 5. HP: 47/47 MP: 4/4
  2020 | D:3      | Found a glowing silver altar of Zin.
  2175 | D:3      | Reached skill level 5 in Armour
  2179 | D:3      | Noticed Purgy
  2199 | D:3      | Killed Purgy
  2199 | D:3      | Reached skill level 5 in Shields
  2199 | D:3      | Reached XP level 6. HP: 36/53 MP: 5/5
  2588 | D:3      | Found a glowing golden altar of the Shining One.
  2593 | D:3      | Reached skill level 5 in Long Blades
  2668 | D:4      | Found a staircase to the Ecumenical Temple.
  2680 | Temple   | Entered the Ecumenical Temple
  2907 | D:4      | Noticed Robin
  2911 | D:4      | Killed Robin
  2913 | D:4      | Reached XP level 7. HP: 60/60 MP: 6/6
  3032 | D:4      | Reached skill level 5 in Fighting
  3179 | D:4      | Found a shadowy altar of Dithmenos.
  3507 | D:5      | Entered Level 5 of the Dungeon
  3584 | D:5      | Reached skill level 6 in Shields
  3646 | D:5      | Reached XP level 8. HP: 37/68 MP: 7/7
  3771 | D:5      | Found a sand-covered staircase.
  3909 | Ossuary  | Entered an ossuary
  4920 | D:6      | Reached skill level 7 in Shields
  4950 | D:6      | Found Plog's Antique Armour Shop.
  5002 | D:6      | Noticed Evaline's ghost (novice SpAs)
  5035 | D:6      | Killed Evaline's ghost
  5035 | D:6      | Reached XP level 9. HP: 54/75 MP: 8/8
  5308 | D:7      | Found a shattered altar of Ashenzari.
  5326 | D:7      | Reached skill level 8 in Shields
  5431 | D:7      | Reached skill level 10 in Long Blades
  5779 | D:7      | Found a sparkling altar of Nemelex Xobeh.
  6425 | D:8      | Noticed a two-headed ogre
  6432 | D:8      | Killed a two-headed ogre
  6432 | D:8      | Reached skill level 9 in Shields
  6432 | D:8      | Reached XP level 10. HP: 86/86 MP: 9/9
  7038 | D:9      | Noticed a two-headed ogre
  7049 | D:9      | Killed a two-headed ogre
  7343 | D:9      | Noticed a two-headed ogre
  7349 | D:9      | Killed a two-headed ogre
  7349 | D:9      | Reached skill level 10 in Shields
  7350 | D:9      | Noticed a two-headed ogre
  7381 | D:9      | Killed a two-headed ogre
  7381 | D:9      | Reached skill level 1 in Stealth
  7821 | D:9      | Noticed a two-headed ogre
  7832 | D:9      | Killed a two-headed ogre
  7832 | D:9      | Reached XP level 11. HP: 73/95 MP: 10/10
  8014 | D:9      | Found an iron altar of Okawaru.
  8042 | D:9      | Became a worshipper of Warmaster Okawaru
  8112 | D:10     | Entered Level 10 of the Dungeon
  8278 | D:10     | Noticed a two-headed ogre
  8292 | D:10     | Killed a two-headed ogre
  8292 | D:10     | Reached * piety under Okawaru
  8568 | D:10     | Reached skill level 10 in Armour
  8590 | D:10     | Found a staircase to the Lair.
  8699 | D:10     | Noticed Psyche
  8705 | D:10     | Killed Psyche
  8716 | D:10     | Noticed a two-headed ogre
  8724 | D:10     | Killed a two-headed ogre
  8724 | D:10     | Reached skill level 11 in Shields
  8781 | D:10     | Reached ** piety under Okawaru
  8929 | D:10     | Found Diofyxuts's Assorted Antiques.
  8943 | D:10     | Bought a bubbling dark potion for 27 gold pieces
  9006 | D:10     | Noticed Gastronok
  9122 | D:10     | Killed Gastronok
  9122 | D:10     | Reached *** piety under Okawaru
  9636 | D:11     | Found a labyrinth entrance.
  9645 | Lab      | Entered a labyrinth
 10725 | Lab      | Noticed a minotaur
 10735 | Lab      | Killed a minotaur
 10735 | Lab      | Reached **** piety under Okawaru
 10746 | Lab      | Got a pair of spiked gloves
 10764 | Lab      | Identified the cursed +0 pair of gloves "Rejiozxi" {rElec} (You found it in a labyrinth)
 10769 | Lab      | Got shimmering quicksilver dragon scales
 10769 | Lab      | Got a transparent buckler
 10782 | Lab      | Identified the +3 buckler "Mueheklyism" {Str+2} (You found it in a labyrinth)
 10806 | Lab      | Identified the quicksilver dragon scales "Yvikhlut" {rN+ MR+} (You found it in a labyrinth)
 10999 | D:11     | Found a staircase to the Orcish Mines.
 11018 | D:11     | Noticed an eight-headed hydra
 11194 | Lair:1   | Entered Level 1 of the Lair of Beasts
 11208 | Lair:1   | Noticed a five-headed hydra
 11232 | D:10     | Killed an eight-headed hydra
 11232 | D:10     | Reached XP level 12. HP: 13/106 MP: 8/11
 11593 | Lair:1   | Reached skill level 10 in Fighting
 11942 | Lair:1   | Noticed a four-headed hydra
 11969 | Lair:1   | Killed a ten-headed hydra
 11969 | Lair:1   | Reached ***** piety under Okawaru
 11989 | Lair:1   | Reached skill level 12 in Shields
 11995 | Lair:1   | Reached skill level 5 in Dodging
 12002 | Lair:1   | Received a gift from Okawaru
 12048 | Lair:1   | Noticed a six-headed hydra
 12062 | Lair:1   | Killed a nine-headed hydra
 12145 | Lair:1   | Noticed a six-headed hydra
 12150 | Lair:1   | Killed a six-headed hydra
 12769 | Lair:2   | Found a hole to the Spider Nest.
 12803 | Lair:2   | Noticed a four-headed hydra
 12842 | Lair:2   | HP: 4/108 [yak (4)]
 13364 | Lair:3   | Reached skill level 13 in Shields
 13792 | Lair:3   | Got a slimy crystal amulet
 14082 | Lair:3   | Received a gift from Okawaru
 14505 | Lair:4   | Identified the amulet of Nairat {Reflect rF+ SH+2} (You found it on level 3 of the Lair of Beasts)
 14536 | Lair:4   | Found a frozen archway.
 14537 | Lair:4   | Noticed an ice dragon
 14554 | Lair:4   | Reached XP level 13. HP: 78/116 MP: 9/12
 14772 | IceCv    | Entered an ice cave
 15101 | IceCv    | Reached skill level 1 in Invocations
 15378 | IceCv    | Found an ancient bone altar of Kikubaaqudgha.
 15798 | IceCv    | Identified Qintoush's Incunabulum of Cold
 16072 | Lair:4   | Received a gift from Okawaru
 16094 | Lair:4   | Reached skill level 15 in Long Blades
 16112 | Lair:4   | HP: 4/117 [porcupine's spines (4)]
 16537 | Lair:4   | Reached skill level 14 in Shields
 16835 | Lair:4   | Found a staircase to the Shoals.
 17726 | Lair:5   | Got a slimy plate armour
 17737 | Lair:5   | Identified the +9 plate armour of Watchfulness {rF+ Slay+3} (You found it on level 5 of the Lair of Beasts)
 17852 | Lair:5   | Noticed Josephine
 17865 | Lair:5   | Killed Josephine
 17865 | Lair:5   | Reached ****** piety under Okawaru
 19015 | D:12     | Received a gift from Okawaru
 19129 | D:12     | Identified a scroll of acquirement
 19172 | D:12     | Got a scorched double sword
 19173 | D:12     | Identified the +12 double sword of the Jester {freeze, Str+2} (You acquired it on level 12 of the Dungeon)
 19182 | D:12     | Reached XP level 14. HP: 102/127 MP: 14/14
 19197 | D:12     | Reached skill level 1 in Evocations
 19730 | D:13     | Found a white marble altar of Elyvilon.
 19862 | D:13     | Found a gate to the Vaults.
 19889 | D:13     | Reached skill level 15 in Shields
 19998 | D:13     | Noticed raetorn's ghost (journeyman VSBe)
 20008 | D:13     | Killed raetorn's ghost
 20008 | D:13     | Received a gift from Okawaru
 20751 | D:14     | Received a gift from Okawaru
 21652 | D:15     | Entered Level 15 of the Dungeon
 21727 | D:15     | Received a gift from Okawaru
 21817 | D:15     | Found a staircase to the Depths.
 21951 | D:15     | Noticed Gargoyl's ghost (adept CeAK)
 21989 | D:15     | Killed Gargoyl's ghost
 22014 | D:15     | Got a smoking chain mail
 22032 | D:15     | Identified the +6 chain mail "Jotz" {Dex+3} (You took it off an orc knight on level 15 of the Dungeon)
 22052 | D:15     | Noticed Rupert
 22057 | D:15     | Reached XP level 15. HP: 137/137 MP: 15/15
 22071 | D:15     | Killed Rupert
 22359 | D:15     | Received a gift from Okawaru
 22547 | D:15     | Reached skill level 16 in Shields
 23240 | Lair:6   | Entered Level 6 of the Lair of Beasts
 23676 | Lair:6   | Received a gift from Okawaru
 23716 | Lair:6   | Found a staircase to the Slime Pits.
 23949 | Lair:6   | Got a glittering emerald amulet
 23950 | Lair:6   | Identified the amulet "Pinnug" {Inacc rC+} (You found it on level 6 of the Lair of Beasts)
 25539 | Orc:1    | Entered Level 1 of the Orcish Mines
 25614 | Orc:2    | Entered Level 2 of the Orcish Mines
 25621 | Orc:2    | Noticed Donald
 25621 | Orc:2    | Found a staircase to the Elven Halls.
 25623 | Orc:2    | Noticed Azrael
 25644 | Orc:1    | Killed Donald
 25644 | Orc:1    | Reached skill level 15 in Fighting
 25644 | Orc:1    | Reached skill level 17 in Shields
 25861 | Orc:2    | Reached skill level 15 in Armour
 25869 | Orc:2    | Killed Azrael
 25869 | Orc:2    | Received a gift from Okawaru
 25885 | Orc:2    | Got a polished cloak {god gift}
 25899 | Orc:2    | Identified the +0 cloak of Circular Logic {rElec rCorr} (Okawaru gifted it to you on level 2 of the Orcish Mines)
 26139 | Orc:2    | Noticed Nessos
 26165 | Orc:2    | Noticed an orc warlord
 26171 | Orc:1    | Noticed Linguinho's ghost (journeyman MiBe)
 26192 | Orc:1    | Killed Linguinho's ghost
 26192 | Orc:1    | Reached XP level 16. HP: 43/149 MP: 16/16
 26562 | Orc:1    | Found a roughly hewn altar of Beogh.
 26590 | Orc:1    | Found Kipsallu's General Store.
 26599 | Orc:1    | Bought a scroll of enchant armour for 127 gold pieces
 26848 | Orc:2    | Killed Nessos
 26985 | Orc:2    | Found Goaron's Gadget Emporium.
 27220 | Orc:2    | Found Jur Onolo's General Store.
 27221 | Orc:2    | Found Catsouttouxt's Book Shop.
 27222 | Orc:2    | Found Ybeje's Antique Armour Shop.
 27222 | Orc:2    | Found Detax's Antique Weapon Boutique.
 27231 | Orc:2    | Bought a scroll of teleportation for 36 gold pieces
 27231 | Orc:2    | Bought a scroll of teleportation for 36 gold pieces
 27231 | Orc:2    | Bought a scroll of enchant weapon for 90 gold pieces
 27231 | Orc:2    | Bought a potion of might for 48 gold pieces
 27231 | Orc:2    | Bought a scroll of teleportation for 36 gold pieces
 27616 | Spider:1 | Entered Level 1 of the Spider Nest
 27663 | Spider:1 | Noticed Agnes
 27666 | Spider:1 | Killed Agnes
 27830 | Spider:1 | Received a gift from Okawaru
 28444 | Spider:1 | Reached skill level 18 in Shields
 28511 | Spider:1 | Found the +0 mask of the Dragon {MR+ Slay+3 SInv}
 29877 | Spider:3 | Received a gift from Okawaru
 29889 | Spider:3 | Noticed Arachne
 29921 | Spider:3 | Killed Arachne
 30566 | Spider:4 | Entered Level 4 of the Spider Nest
 31003 | Spider:4 | Received a gift from Okawaru
 31027 | Spider:4 | Got a pair of ichor-stained gloves {god gift}
 31038 | Spider:4 | Identified the +1 pair of gloves of Parts Unknown {*Contam rElec Stlth+} (Okawaru gifted it to you on level 4 of the Spider Nest)
 31069 | Spider:3 | Gained mutation: Your body sometimes deteriorates upon taking damage. [mutagenic glow]
 31410 | Spider:4 | Reached XP level 17. HP: 13/158 MP: 17/17
 31989 | Spider:4 | Reached skill level 19 in Shields
 32061 | Spider:4 | HP: 3/158 [disintegration (32)]
 33286 | Spider:4 | Received a gift from Okawaru
 33302 | Spider:4 | Identified a +2 pair of boots of running (Okawaru gifted it to you on level 4 of the Spider Nest)
 34027 | Spider:4 | Got a gossamer rune of Zot
 34642 | Elf:1    | Entered Level 1 of the Elven Halls
 34717 | Elf:1    | Noticed a Hell Sentinel
 35002 | Elf:1    | Identified the Volume of Summoning
 35098 | Elf:1    | Identified Feaxt's Grimoire of the Damaging Blaze
 35100 | Elf:1    | Identified Sif Muna's Disquisition on Lethal Moulding
 35304 | Elf:1    | Reached skill level 20 in Shields
 35932 | Elf:1    | Got distressingly furry storm dragon scales
 35943 | Elf:1    | Identified the +8 storm dragon scales of Watchfulness {rElec rF- rN++ Dex+3} (You found it on level 1 of the Elven Halls)
 36112 | Elf:2    | Received a gift from Okawaru
 36334 | Elf:2    | Found a deep blue altar of Sif Muna.
 36394 | Elf:2    | Found Caenes's Distillery.
 36401 | Elf:2    | Bought 2 potions of curing for 90 gold pieces
 36401 | Elf:2    | Bought a potion of heal wounds for 75 gold pieces
 36401 | Elf:2    | Bought a potion of haste for 150 gold pieces
 36401 | Elf:2    | Bought a potion of invisibility for 120 gold pieces
 36421 | Elf:2    | Noticed a Hell Sentinel
 36442 | Elf:2    | Reached XP level 18. HP: 47/169 MP: 18/18
 37112 | Elf:2    | Found a runed gate.
 37112 | Elf:2    | Found a runed gate.
 37112 | Elf:2    | Found a runed gate.
 37288 | Elf:2    | Received a gift from Okawaru
 37300 | Elf:2    | Got a faintly humming shield {god gift}
 37311 | Elf:2    | Identified the +0 shield of the Endless Expanse {+Inv rF++ rC+ SInv} (Okawaru gifted it to you on level 2 of the Elven Halls)
 37878 | Elf:3    | Entered Level 3 of the Elven Halls
 37937 | Elf:3    | Found Cowiggeo's Jewellery Shoppe.
 37937 | Elf:3    | Found Ynguis's Assorted Antiques.
 38304 | Elf:3    | Found Iphoskem's Antique Armour Emporium.
 38307 | Elf:3    | Bought a pair of spiked boots for 304 gold pieces
 38336 | Elf:3    | Identified the +0 pair of boots of Parlour Games {rF- rC+ Str+3 Dex+7} (You bought it in a shop on level 3 of the Elven Halls)
 38761 | Elf:3    | Reached skill level 21 in Shields
 39048 | Elf:3    | Received a gift from Okawaru
 39075 | Elf:3    | Got a warped short sword {pain}
 39327 | Elf:3    | Got a coiled granite ring
 39472 | Elf:3    | Noticed a Hell Sentinel
 39674 | Elf:3    | Cast into level 2 of the Abyss (a deep elf demonologist)
 39725 | Elf:3    | Escaped the Abyss
 40054 | Lair:1   | Identified the +10 short sword of Mayhem {pain, rElec Int+3 Dex+4} (You took it off a deep elf sorcerer on level 3 of the Elven Halls)
 40124 | Lair:1   | Identified the ring of Deyrunlo {rElec rF+ rC- Str+6} (You took it off a deep elf death mage on level 3 of the Elven Halls)
 40555 | Elf:3    | Reached XP level 19. HP: 149/179 MP: 19/19
 40634 | Elf:3    | Identified the Handbook of Unholy Fascination
 41129 | Vaults:1 | Entered Level 1 of the Vaults
 41223 | Vaults:1 | Received a gift from Okawaru
 41697 | Vaults:1 | Received a gift from Okawaru
 42518 | Vaults:1 | Cast into level 3 of the Abyss (a wizard)
 42522 | Abyss:3  | Found a transporter.
 42523 | Abyss:3  | Noticed a profane servitor
 42543 | Abyss:3  | Killed a profane servitor
 42861 | Abyss:3  | Found a transporter.
 42878 | Abyss:3  | Received a gift from Okawaru
 42899 | Abyss:3  | Got a distressingly furry ring mail {god gift}
 42901 | Vaults:1 | Escaped the Abyss
 42917 | Vaults:1 | Reached skill level 22 in Shields
 43328 | Vaults:1 | Found a radiant altar of Vehumet.
 44097 | Vaults:2 | Found the +6 arbalest "Damnation" {damnation}
 44384 | Vaults:2 | Paralysed by a floating eye for 2 turns
 44866 | Vaults:2 | Reached XP level 20. HP: 191/191 MP: 20/20
 45167 | Vaults:3 | Received a gift from Okawaru
 45507 | Vaults:3 | Found a staircase to the Crypt.
 45804 | Vaults:3 | Found Cohohit's Magic Scroll Shop.
 45812 | Vaults:3 | Bought a scroll of blinking for 105 gold pieces
 45812 | Vaults:3 | Bought a scroll of enchant armour for 105 gold pieces
 45814 | Vaults:3 | Bought a scroll of brand weapon for 280 gold pieces
 45868 | Vaults:3 | Reached skill level 23 in Shields
 46233 | Vaults:3 | Received a gift from Okawaru
 46720 | Lair:1   | Lost mutation: Your body sometimes deteriorates upon taking damage. [potion of mutation]
 46720 | Lair:1   | Gained mutation: You have sharp toenails. [potion of mutation]
 46720 | Lair:1   | Gained mutation: You can translocate small distances at will. [potion of mutation]
 46720 | Lair:1   | Gained mutation: You are somewhat resistant to further mutation. [potion of mutation]
 46722 | Lair:1   | Lost mutation: You are somewhat resistant to further mutation. [potion of mutation]
 46722 | Lair:1   | Lost mutation: You can translocate small distances at will. [potion of mutation]
 46722 | Lair:1   | Gained mutation: You occasionally shout uncontrollably at your foes. [potion of mutation]
 46722 | Lair:1   | Gained mutation: You evolve. [potion of mutation]
 46724 | Lair:1   | Lost mutation: You evolve. [potion of mutation]
 46724 | Lair:1   | Lost mutation: You occasionally shout uncontrollably at your foes. [potion of mutation]
 46724 | Lair:1   | Gained mutation: You are dopey. (Int -2) [potion of mutation]
 46724 | Lair:1   | Gained mutation: You are resistant to hostile enchantments. (MR+) [potion of mutation]
 46725 | Lair:1   | Lost mutation: You are resistant to hostile enchantments. (MR+) [potion of mutation]
 46725 | Lair:1   | Lost mutation: You are dopey. (Int -2) [potion of mutation]
 46725 | Lair:1   | Gained mutation: You have a beak for a mouth. [potion of mutation]
 46743 | Lair:1   | Got a translucent jade ring
 46746 | Lair:1   | Identified the ring of Picor {MR+ Stlth+} (You acquired it on level 1 of the Lair of Beasts)
 47791 | Vaults:4 | Noticed Goboxel's ghost (adept HOFi)
 47806 | Vaults:4 | Killed Goboxel's ghost
 48145 | Vaults:4 | Found Cutowih's Antique Armour Shop.
 48154 | Vaults:4 | Bought a transparent plate armour for 700 gold pieces
 48154 | Vaults:4 | Identified the +2 plate armour of the Snake Pit {rPois rN++ Str+4 Int-4} (You bought it in a shop on level 4 of the Vaults)
 48564 | Vaults:5 | Entered Level 5 of the Vaults
 48564 | Vaults:5 | Noticed Sojobo
 48616 | Vaults:4 | Received a gift from Okawaru
 48782 | Vaults:4 | Reached XP level 21. HP: 135/202 MP: 21/21
 48975 | Vaults:4 | Received a gift from Okawaru
 49358 | Vaults:5 | Noticed Frederick
 49870 | Vaults:4 | Killed Sojobo
 49870 | Vaults:4 | Reached skill level 24 in Shields
 50085 | Vaults:5 | Received a gift from Okawaru
 51159 | Vaults:5 | Received a gift from Okawaru
 51384 | Vaults:4 | Killed Frederick
 51499 | Vaults:5 | Noticed a golden dragon
 51524 | Vaults:5 | Killed a golden dragon
 51530 | Vaults:5 | Killed from afar by a shadow dragon

Skill      XL: |  1  2  3  4  5  6  7  8  9 10 11 12 13 14 15 16 17 18 19 20 21 |
---------------+----------------------------------------------------------------+-----
Armour         | 4 5 6 7 8 9 10 12 13 14 15 16 17 18 | 18.9
Shields        | 4 5 6 7 9 10 11 13 14 15 17 18 20 21 22 23 24 | 24.6
Long Blades    | 3 4 5 7 9 11 12 14 15 17 18 19 20 21 22 | 22.5
Fighting       | 4 5 6 7 8 9 11 12 13 15 16 17 18 19 20 21 | 21.1
Dodging        | 1 3 4 5 6 7 |  7.8
Stealth        | 1 2 |  2.9
Invocations    | 1 2 |  2.6
Evocations     | 1 |  1.5

Action                   |  1- 3 |  4- 6 |  7- 9 | 10-12 | 13-15 | 16-18 | 19-21 || total
-------------------------+-------+-------+-------+-------+-------+-------+-------++-------
Melee: Long sword        |   130 |   105 |   391 |   785 |       |       |       ||  1411
       Headbutt          |    15 |    16 |    97 |   237 |   297 |   304 |   309 ||  1275
       Scimitar          |       |       |       |    17 |   405 |       |       ||   422
       Double sword      |       |       |       |       |   592 |  1025 |   901 ||  2518
       Peck              |       |       |       |       |       |       |   127 ||   127
Invok: Heroism           |       |       |       |     6 |    10 |     1 |     5 ||    22
       Finesse           |       |       |       |       |     1 |       |       ||     1
Evoke: Wand              |       |       |       |     6 |     6 |     7 |       ||    19
  Use: Scroll            |       |     9 |     1 |    24 |    10 |     7 |     5 ||    56
       Potion            |       |     2 |     3 |     4 |     4 |     1 |     9 ||    23
 Stab: Petrifying        |       |       |       |       |     1 |       |       ||     1
  Eat: Chunk             |     2 |     4 |     9 |    21 |    23 |    25 |    26 ||   110
       Ration            |       |       |     1 |     2 |     4 |     6 |     2 ||    15
Armor: Scale mail        |    38 |       |       |       |       |       |       ||    38
       Chain mail        |    20 |    62 |   163 |    21 |       |       |       ||   266
       Plate armour      |       |       |       |   335 |   471 |   436 |   348 ||  1590
       Quicksilver drago |       |       |       |    23 |       |       |       ||    23
       Ice dragon scales |       |       |       |       |    89 |       |       ||    89
       Storm dragon scal |       |       |       |       |       |   132 |       ||   132
Dodge: Dodged            |    34 |    27 |    97 |   264 |   445 |   408 |   325 ||  1600
       Deflected         |       |       |     6 |       |       |       |       ||     6
Block: Shield            |    64 |    66 |   243 |   237 |   385 |   952 |   906 ||  2853
       Buckler           |       |       |       |   170 |   337 |       |       ||   507
       Reflection        |       |       |       |       |       |    31 |   101 ||   132
       Rpst.: Long sword |     6 |     7 |    28 |    66 |       |       |       ||   107
       Scimitar          |       |       |       |       |    40 |       |       ||    40
       Double sword      |       |       |       |       |    49 |    66 |    64 ||   179
